 Dungeon Crawl Stone Soup version 0.21-a0-2-ge494091 (webtiles) character file.

123 sveltemanboy the Slasher (level 4, -2/35 HPs)
             Began as a Demonspawn Monk on May 22, 2017.
             Slain by no0bjke's ghost (12 damage)
             ... on level 3 of the Dungeon.
             The game lasted 00:04:34 (2879 turns).

sveltemanboy the Slasher (Demonspawn Monk)          Turns: 2879, Time: 00:04:35

Health: -2/35      AC:  5    Str: 12    XL:     4   Next: 79%
Magic:  4/4        EV: 13    Int: 11    God:
Gold:   95         SH:  0    Dex: 16    Spells: 3/3 levels left

rFire    . . .     SeeInvis .   a - +0 falchion
rCold    . . .     Gourm    .   (no shield)
rNeg     . . .     Faith    .   m - +0 ring mail
rPois    .         Spirit   .   (helmet restricted)
rElec    .         Reflect  .   (no cloak)
rCorr    .         Harm     .   (no gloves)
MR       .....                  (no boots)
Stlth    ++........             (no amulet)
Regen    0.2/turn               (no ring)
MPRegen  0.1/turn               (no ring)

@: no status effects
A: antennae 1, camouflage 1, sturdy frame 2
a: no special abilities


You were on level 3 of the Dungeon.
You were not hungry.

You visited 1 branch of the dungeon, and saw 3 of its levels.

You collected 95 gold pieces.

Inventory:

Hand Weapons
 a - a +0 falchion (weapon)
Missiles
 h - 8 javelins (quivered)
Armour
 m - a +0 ring mail (worn)
 p - a +2 buckler
Jewellery
 b - an uncursed amulet of harm {unknown}
Scrolls
 e - 4 scrolls of identify {unknown}
 g - a scroll of remove curse {unknown}
 k - a scroll of recharging {unknown}
 l - a scroll of teleportation {unknown}
Potions
 f - a potion of brilliance
 i - a potion of curing
 n - a potion of heal wounds {unknown}
Comestibles
 c - a bread ration
 d - 6 fruits
 j - a meat ration
 o - 4 chunks of flesh


   Skills:
 - Level 3.0 Fighting
 * Level 4.1 Long Blades
 + Level 1.9 Armour
 - Level 3.2 Dodging
 - Level 1.7 Stealth


You had 3 spell levels left.
You didn't know any spells.

Dungeon Overview and Level Annotations

Branches:
Dungeon (3/15)

Altars:
Fedhas

Annotations:
D:3 no0bjke's ghost, amateur GrFi


Innate Abilities, Weirdness & Mutations

You have a pair of small antennae on your head.
Your movements are less encumbered by armour. (ER -4)
Your skin changes colour to match your surroundings (Stealth+).


Message History

You closely miss the goblin.
The goblin is almost dead.
The goblin misses you.
You riposte.
You slash the goblin!
You kill the goblin!
There is a stone staircase leading up here.
You hit no0bjke's ghost but do no damage.
No0bjke's ghost completely misses you.
You hit no0bjke's ghost.
No0bjke's ghost is lightly damaged.
No0bjke's ghost misses you.
You hit no0bjke's ghost.
No0bjke's ghost is lightly damaged.
No0bjke's ghost hits you!
You hit no0bjke's ghost but do no damage.
No0bjke's ghost is lightly damaged.
No0bjke's ghost hits you!
* * * LOW HITPOINT WARNING * * *
No0bjke's ghost whispers, "It is all a dream - a grotesque and foolish dream."
No0bjke's ghost hits you!
You die...

###
#@#
#W#
#.#
#†#
#.#
#..
###


You could see no0bjke's ghost.

Vanquished Creatures
  4 gnolls (D:2)
  2 adders (D:2)
  2 oozes
  2 dart slugs (D:2)
  2 leopard geckos (D:1)
  4 giant cockroaches (D:2)
  10 goblins
  8 hobgoblins
  2 quokkas (D:2)
  4 bats
  6 frilled lizards
  3 kobolds
  3 rats
52 creatures vanquished.

Notes
Turn   | Place    | Note
-------+----------+-------------------------------------------
     0 | D:1      | sveltemanboy the Demonspawn Monk began the quest for the Orb.
     0 | D:1      | Reached XP level 1. HP: 18/18 MP: 1/1
   239 | D:1      | Reached skill level 3 in Long Blades
   597 | D:1      | Gained mutation: Your movements are slightly less encumbered by armour. (ER -2) [demonic ancestry]
   597 | D:1      | Reached XP level 2. HP: 21/24 MP: 2/2
  1290 | D:2      | Reached skill level 1 in Armour
  1344 | D:2      | Reached XP level 3. HP: 28/29 MP: 3/3
  1371 | D:2      | Found a blossoming altar of Fedhas.
  1823 | D:2      | Gained mutation: You have a pair of small antennae on your head. [demonic ancestry]
  1823 | D:2      | Reached XP level 4. HP: 26/35 MP: 4/4
  1906 | D:2      | Gained mutation: Your skin changes colour to match your surroundings (Stealth+). [potion of mutation]
  1906 | D:2      | Gained mutation: Your movements are less encumbered by armour. (ER -4) [potion of mutation]
  2239 | D:2      | Reached skill level 4 in Long Blades
  2871 | D:3      | Noticed no0bjke's ghost (amateur GrFi)
  2879 | D:3      | Slain by no0bjke's ghost

Vault maps used:
D:1:      sevenhm_arrival_forest_fort_large_2, roderic_filled_cross
D:2:      fedhas_altar_3
D:3:      wad_floor_pattern_1

Skill      XL: |  1  2  3  4 |
---------------+-------------+-----
Long Blades    | 3 4 |  4.1
Armour         | 1 |  1.9
Dodging        | 3 |  3.2
Fighting       | |  3.0
Stealth        | |  1.7

Action                   |  1- 3 |  4- 6 || total
-------------------------+-------+-------++-------
Melee: Falchion          |   100 |    83 ||   183
  Use: Potion            |       |     3 ||     3
 Stab: Sleeping          |     3 |     2 ||     5
  Eat: Chunk             |     2 |     4 ||     6
Armor: Robe              |     3 |       ||     3
       Ring mail         |     9 |    21 ||    30
Dodge: Dodged            |    52 |    55 ||   107
       Rpst.: Falchion   |    13 |    15 ||    28
